 Dungeon Crawl Stone Soup version 0.24.0-13-gcf9b319 (webtiles) character file.

Game seed: 7474787334075687027, levelgen mode: deterministic

1641 Fang the Skirmisher (level 8, -6/52 HPs)
             Began as a Gargoyle Berserker on Nov 18, 2019.
             Was a Priest of Trog.
             Killed from afar by a steam dragon (11 damage)
             ... with a ball of steam
             ... while paralysed
             ... on level 7 of the Dungeon.
             The game lasted 00:05:40 (6011 turns).

Fang the Skirmisher (Gargoyle Berserker)            Turns: 6011, Time: 00:05:41

Health: -6/52      AC: 19    Str: 23    XL:     8   Next: 99%
Magic:  8/8        EV:  2    Int:  8    God:    Trog [***...]
Gold:   227        SH:  0    Dex:  9    Spells: 7/7 levels left

rFire    . . .     SeeInvis .   a - +0 broad axe
rCold    . . .     Gourm    .   e - +0 large shield
rNeg     + . .     Faith    .   b - +1 plate armour
rPois    ∞         Spirit   .   (no helmet)
rElec    +         Reflect  .   (no cloak)
rCorr    .         Harm     .   (no gloves)
MR       .....                  (no boots)
Stlth    ..........             (no amulet)
HPRegen  0.17/turn              n - ring of flight
MPRegen  0.11/turn              (no ring)

@: paralysed, berserk cooldown, slowed
A: negative energy resistance 1, electricity resistance, unbreathing,
petrification resistance, rot immunity, AC +5
a: Berserk, Trog's Hand, Renounce Religion, Evoke Flight


You were on level 7 of the Dungeon.
You worshipped Trog.
Trog was most pleased with you.
You were very hungry.

You visited 2 branches of the dungeon, and saw 8 of its levels.

You collected 327 gold pieces.
You spent 100 gold pieces at shops.

Inventory:

Hand Weapons
 a - a +0 broad axe (weapon)
Armour
 b - a +1 plate armour (worn)
 e - a +0 large shield (worn)
Jewellery
 n - a ring of flight (left hand)
Scrolls
 d - 6 scrolls of remove curse
 f - 6 scrolls of identify
 l - a scroll of fear
 x - a scroll of enchant weapon {unknown}
 y - a scroll of immolation {unknown}
Potions
 g - 2 potions of berserk rage
 i - 2 potions of heal wounds {unknown}
 j - 2 potions of invisibility {unknown}
 m - 2 potions of flight {unknown}
 p - a potion of ambrosia {unknown}
 q - 3 potions of curing {unknown}
 r - a potion of haste
 t - 2 potions of might {unknown}
 u - 3 potions of degeneration {unknown}
 v - a potion of brilliance {unknown}
 w - a potion of agility {unknown}
Comestibles
 c - 11 rations
 z - 3 chunks of flesh


   Skills:
 + Level 6.9 Fighting
 + Level 5.7 Axes
 + Level 6.3 Armour
 + Level 4.8 Dodging


You had 7 spell levels left.
You didn't know any spells.
Your spell library was empty.

Dungeon Overview and Level Annotations

Branches:
Dungeon (7/15)             Temple (1/1) D:5

Altars:
Ashenzari
Fedhas
Gozag
Okawaru
Qazlal
Trog
Wu Jian
Yredelemnul
Zin

Shops:
D:5 (*[=


Innate Abilities, Weirdness & Mutations

You are resistant to torment.
Your stone body is resilient. (AC +5)
You are immune to poison.
You resist negative energy. (rN+)
You are resistant to electric shocks. (rElec)
You can survive without breathing.
You are immune to petrification.
You are immune to rotting.


Message History

You feel a strong urge to attack something.
You are engulfed in a cloud of scalding steam.
The steam dragon breathes steam at you.
The ball of steam hits you but does no damage.
You are engulfed in a cloud of scalding steam.
You are no longer berserk.
You pass out from exhaustion.
You feel yourself slow down.
The steam dragon bites you but does no damage.
The steam dragon claws you but does no damage.
You are engulfed in a cloud of scalding steam.
The steam dragon bites you but does no damage.
The steam dragon claws you but does no damage.
You are engulfed in a cloud of scalding steam.
* * * LOW HITPOINT WARNING * * *
The steam dragon bites you but does no damage.
The steam dragon completely misses you. The steam dragon breathes steam at you.
The ball of steam hits you!
You die...

######
####≈≈≈≈##
#≈≈≈.D@..## §
#≈≈...#....#...≈
#≈.8.
##.....≈§§# #...
##§≈≈§#### ##.
###### #


You could see a steam dragon.

Vanquished Creatures
  Sigmund (D:3)
  A steam dragon (D:7)
  A water moccasin (D:4)
  An ice beast (D:6)
  An ogre (D:6)
  2 bullfrogs
  3 scorpions
  2 crimson imps
  A bullfrog zombie (D:6)
  3 hounds
  3 orc priests
  5 orc wizards (D:6)
  A bullfrog skeleton (D:4)
  3 worker ants
  A worker ant zombie (D:6)
  A howler monkey skeleton (D:6)
  7 adders
  An ooze (D:1)
  An adder skeleton (D:4)
  A worm (D:1)
  2 dart slugs (D:1)
  3 leopard geckos
  19 orcs
  A ball python (D:1)
  8 giant cockroaches
  2 gnoll zombies (D:6)
  8 goblins
  7 hobgoblins
  7 jackals
  3 quokkas
  2 bats
  5 frilled lizards
  A jackal skeleton (D:6)
  5 kobolds
  9 rats
122 creatures vanquished.

Vanquished Creatures (others)
  A steam dragon (D:7)
1 creature vanquished.

Grand Total: 123 creatures vanquished

Notes
Turn   | Place    | Note
-------+----------+-------------------------------------------
     0 | D:1      | Fang the Gargoyle Berserker began the quest for the Orb.
     0 | D:1      | Reached XP level 1. HP: 14/14 MP: 1/1
   280 | D:1      | Reached XP level 2. HP: 16/19 MP: 2/2
   552 | D:1      | Reached XP level 3. HP: 23/23 MP: 3/3
   597 | D:1      | You fall into a shaft and drop 1 floor!
   813 | D:2      | Reached XP level 4. HP: 18/29 MP: 4/4
  2115 | D:3      | Reached ** piety under Trog
  2174 | D:3      | Noticed Sigmund
  2188 | D:3      | Killed Sigmund
  2188 | D:3      | Reached XP level 5. HP: 25/34 MP: 5/5
  2188 | D:3      | Reached XP level 6. HP: 28/39 MP: 6/6
  3442 | D:4      | Reached skill level 5 in Fighting
  3446 | D:4      | Reached XP level 7. HP: 37/44 MP: 7/7
  4122 | D:5      | Entered Level 5 of the Dungeon
  4236 | D:5      | Found Afiumokha's Jewellery Boutique.
  4334 | D:5      | Found Qusa's Antique Weapon Boutique.
  4339 | D:5      | Bought a broad axe for 100 gold pieces
  4386 | D:5      | Reached skill level 5 in Armour
  4387 | D:5      | Found a staircase to the Ecumenical Temple.
  4449 | Temple   | Entered the Ecumenical Temple
  4608 | D:5      | Found Dyschepeg's Armour Shoppe.
  4740 | D:5      | Found Ragoj's Assorted Antiques.
  4908 | D:6      | Reached XP level 8. HP: 50/51 MP: 8/8
  5100 | D:6      | Reached *** piety under Trog
  5134 | D:6      | Reached skill level 5 in Axes
  5924 | D:6      | Found a basalt altar of Yredelemnul.
  6011 | D:7      | Killed from afar by a steam dragon

Levels and vault maps discovered:
D:1:      dpeg_arrival_brainrot, layout_basic
D:2:      layout_basic, minmay_fractal_squares_5
D:3:      layout_basic, grunt_decor_clamped, kennysheep_donut,
          minmay_goblin_outpost, uniq_sigmund
D:4:      layout_loops_cross, first_ration, corexii_item_surrounded_by_moat,
          minmay_bisected
D:5:      layout_loops_ring, minmay_temple_entry_stoned_glass, serial_shops,
          nicolae_shop_temple_entry_statues_fountains, nicolae_shop_trees,
          nicolae_shop_statue_plus, nicolae_shop_window_shopping
D:6:      layout_loops_cross, lemuel_zombie_altar_yredelemnul
D:7:      cheibrodos_steamvent, layout_basic, uniq_duvessa
Temple:   kilobyte_greek_temple

Skill      XL: |  1  2  3  4  5  6  7  8 |
---------------+-------------------------+-----
Axes           | 3 4 5 |  5.7
Dodging        | 2 3 4 |  4.8
Armour         | 3 4 5 6 |  6.3
Fighting       | 4 5 6 |  6.9

Action                   |  1- 3 |  4- 6 |  7- 9 || total
-------------------------+-------+-------+-------++-------
Melee: Hand axe          |   112 |   172 |   131 ||   415
       Broad axe         |       |       |   223 ||   223
Invok: Berserk           |     2 |     3 |     3 ||     8
       Trog's Hand       |       |     1 |     2 ||     3
 Abil: Evoke Flight      |       |     1 |     1 ||     2
  Use: Scroll            |       |       |     7 ||     7
  Eat: Chunk             |     1 |    12 |    12 ||    25
Armor: Animal skin       |    44 |    46 |       ||    90
       Plate armour      |       |    20 |   313 ||   333
Dodge: Dodged            |    36 |    37 |    38 ||   111
Block: Large shield      |    95 |   103 |   260 ||   458
